 Dungeon Crawl Stone Soup version 0.31-a0-532-g28f74ba3e5 (webtiles) character file.

Game seed: 14611075659458515282

88358 duskshroud the Severer (level 15, 0/149 HPs)
             Began as a Minotaur Berserker on Aug 12, 2023.
             Was a High Priest of Trog.
             Slain by an orc
             ... wielding a +0 club
              (1 damage)
             ... on level 2 of the Orcish Mines.
             The game lasted 01:15:24 (19049 turns).

duskshroud the Severer (Minotaur Berserker)        Turns: 19049, Time: 01:15:25

Health: 0/149      AC: 32    Str: 22    XL:     15   Next: 46%
Magic:  14/14      EV:  8    Int:  4    God:    Trog [*****.]
Gold:   255        SH:  0    Dex: 17    Spells: 14/14 levels left

rFire   + . .        a - +4 battleaxe (freeze)
rCold   + . .        (shield currently unavailable)
rNeg    . . .        N - +6 gold dragon scales
rPois   +            O - +0 hat {Will+}
rElec   .            r - +2 cloak
rCorr   +            u - +1 pair of gloves
SInv    .            Y - +2 pair of boots
Will    ++++.        (no amulet) Stlth
                     A - +4 ring of slaying
HPRegen 1.44/turn    D - ring of resist corrosion
MPRegen 0.14/turn

%: no passive effects
@: strong-willed, regenerating
A: horns 2, retaliatory headbutt
a: Renounce Religion, Berserk, Trog's Hand, Brothers in Arms


You were on level 2 of the Orcish Mines.
You worshipped Trog.
Trog was extremely pleased with you.
You visited 3 branches of the dungeon, and saw 20 of its levels.
You also visited: Ice Cave.

You collected 1586 gold pieces.
You spent 1331 gold pieces at shops.

Inventory:

Hand Weapons
 a - a +4 battleaxe of freezing (weapon)
 b - a +3 battleaxe of flaming
 c - a +0 arbalest of freezing
 H - a +2 antimagic war axe
 S - a +0 executioner's axe
Missiles
 d - 63 poisoned darts
 G - 3 curare-tipped darts (quivered)
 L - 2 javelins
 Q - 4 atropa-tipped darts
 W - 4 silver javelins
Armour
 r - a +2 cloak (worn)
 u - a +1 pair of gloves (worn)
 N - +6 gold dragon scales (worn)
 O - a +0 hat of willpower (worn)
 Y - a +2 pair of boots (worn)
Jewellery
 n - a ring of flight
 A - a +4 ring of slaying (left hand)
 C - a ring of see invisible
 D - a ring of resist corrosion (right hand)
 K - a ring of protection from fire
Wands
 P - a wand of digging (12)
Scrolls
 e - 4 scrolls of blinking
 h - 10 scrolls of teleportation
 k - 10 scrolls of fear
 m - a scroll of summoning {unknown}
 p - a scroll of acquirement {unknown}
 t - 5 scrolls of fog
 x - a scroll of silence {unknown}
 B - a scroll of revelation {unknown}
 M - 2 scrolls of enchant weapon
 V - a scroll of poison {unknown}
 Z - a scroll of brand weapon {unknown}
Potions
 f - 2 potions of berserk rage
 g - 4 potions of enlightenment
 i - 6 potions of haste
 l - a potion of cancellation {unknown}
 o - 6 potions of might
 q - 2 potions of invisibility
 s - 3 potions of lignification
 v - 4 potions of heal wounds
 y - 14 potions of curing
 E - a potion of resistance {unknown}
 I - 6 potions of ambrosia
 J - a potion of attraction {unknown}


   Skills:
 + Level 18.1 Fighting
 - Level 20.0 Axes
 * Level 10.7 Ranged Weapons
 + Level 6.8 Throwing
 - Level 10.0 Armour
 - Level 10.0 Dodging


You had 14 spell levels left.
You didn't know any spells.
Your spell library was empty.

Dungeon Overview and Level Annotations

Branches:
Dungeon (13/15)            Temple (0/1) D:5            Lair (5/5) D:10
 Shoals (0/4) Lair:2       Spider (0/4) Lair:2        Slime (0/5) Lair:5
    Orc (2/2) D:10         Vaults (0/5) D:13          IceCv (visited)
    Elf: Orc:2

Altars:
Ashenzari
Cheibriados
Dithmenos
Fedhas
Gozag
Hepliaklqana
Kikubaaqudgha
Makhleb
Nemelex Xobeh
Okawaru
Qazlal
Sif Muna
Zin
Jiyva

Shops:
D:4 *   D:6 [*(*[   D:7 :   D:10 *   D:13 *

Annotations:
D:10 3 runed translucent doors, HallandMoats's ghost, journeyman DsFi


Innate Abilities, Weirdness & Mutations

You have a pair of horns on your head.
You reflexively headbutt those who attack you in melee.


Message History

Trog accepts your kill.
An orc priest comes into view. It is wielding a +0 flail.
The orc warrior hits you from afar with a +0 halberd.
The orc closely misses you.
An orc priest comes into view. It is wielding a +0 trident.
The orc warrior hits you from afar with a +0 halberd.
You closely miss the orc priest. Your headbutt misses the orc priest.
An orc priest comes into view. It is wielding a +0 dagger.
The orc priest hits you but does no damage.
The orc warrior hits you but does no damage.
You slice the orc!! You freeze the orc.
You kill the orc!
Trog accepts your kill.
You barely miss the orc priest. You slice the orc priest!!
You freeze the orc priest.
You kill the orc priest!
Trog accepts your kill.
The orc priest calls down the wrath of Beogh upon you.
Beogh smites you!
The orc warrior hits you but does no damage.
The orc hits you but does no damage.
You hear a shout! x2
You hit the orc warrior. You freeze the orc warrior.
You headbutt the orc warrior, but do no damage.
The orc warrior is lightly wounded.
You closely miss the orc knight.
The orc warrior hits you but does no damage.
The orc knight hits you with a +0 war axe!
* * * LOW HITPOINT WARNING * * *
The orc warrior hits you with a +0 battleaxe!
* * * LOW HITPOINT WARNING * * *
The orc hits you but does no damage.
The orc priest miscasts a cantrip.
The orc warrior closely misses you.
The orc knight hits you with a +0 war axe!!
* * * LOW HITPOINT WARNING * * *
The orc warrior hits you with a +0 battleaxe!!
* * * LOW HITPOINT WARNING * * *
The orc hits you with a +0 club.
You die...

#... ....... .
#...#....... ..
#..#$.......
.#.#...........
.........$.....
.....o.........
....oooo)......
#o.o@)...$..
#..)........
#...........
#.....#.....
#...###.....
#... .... ###.
.#. .. ..


You could see an orc knight (strong), 2 orc warriors, 2 orc priests and 2 orcs.

Vanquished Creatures
  Gastronok (Lair:1)
  An orc warlord (D:10)
  An ironbound preserver (D:13)
  Josephine (D:11)
  4 hydras
  2 boulder beetles
  An ogre mage (D:13)
  A tengu warrior (D:13)
  6 death yaks (Lair:5)
  5 centaur warriors (D:13)
  An alligator (Lair:5)
  5 two-headed ogres
  A death knight (D:13)
  Urug (Lair:3)
  Nergalle (Lair:2)
  Amaemon (Lair:2)
  Sonja (Lair:1)
  4 skeletal warriors
  3 skysharks
  2 harpies (Lair:2)
  2 orc knights
  3 orc sorcerers
  3 deep elf pyromancers
  5 ugly things
  An oklob plant (Lair:4)
  A manticore (D:12)
  A cyclops (D:11)
  9 elephants
  2 ice statues (IceCv)
  2 black mambas
  An orange demon (Lair:2)
  A gargoyle (D:11)
  4 rime drakes
  An unseen horror (D:12)
  A torpor snail (Lair:1)
  Maggie (D:6)
  16 cane toads
  4 efreet (D:13)
  12 komodo dragons
  2 ice devils (D:12)
  A queen bee (Lair:1)
  8 trolls
  11 polar bears
  3 raiju (Lair:5)
  33 blink frogs
  Grinder (D:4)
  Prince Ribbit (D:7)
  6 dream sheep (Lair:3)
  13 slime creatures (D:12)
  45 yaks
  A shadow (D:13)
  A vampire (D:13)
  Sigmund (D:6)
  6 wraiths
  2 basilisks
  5 wyverns
  3 steam dragons
  22 vampire mosquitoes
  Grum (D:8)
  6 wargs
  3 acid dragons
  13 water moccasins
  14 hell hounds (Lair:5)
  5 ice beasts
  Duvessa (D:7)
  2 sky beasts
  12 orc warriors
  16 black bears
  8 ogres
  16 wolves
  4 centaurs
  11 bullfrogs
  3 gnoll sergeants
  4 kobold brigands
  4 scorpions
  9 wights (D:7)
  Dowan (D:7)
  30 killer bees
  An elephant simulacrum (IceCv)
  A howler monkey (D:9)
  8 electric eels
  3 hounds
  4 jellies
  Crazy Yiuf (D:6)
  13 orc priests
  11 iguanas
  Terence (D:3)
  10 orc wizards
  3 wolf simulacra (IceCv)
  Robin (D:2)
  15 gnolls
  5 adders
  A shadow imp (D:6)
  2 white imps
  2 ufetubi
  2 worms (D:3)
  A dart slug (D:5)
  68 orcs
  3 bats
  11 endoplasms
  2 giant cockroaches
  15 goblins
  12 hobgoblins
  4 jackals (D:2)
  8 quokkas
  4 ball pythons
  2 frilled lizards
  33 kobolds
  4 rats
692 creatures vanquished.

Vanquished Creatures (others)
  A steam dragon (D:6)
  An orc wizard (D:10)
2 creatures vanquished.

Grand Total: 694 creatures vanquished

Notes
Turn   | Place    | Note
-------+----------+-------------------------------------------
     0 | D:1      | duskshroud the Minotaur Berserker began the quest for the
                  | Orb.
     0 | D:1      | Reached XP level 1. HP: 19/19 MP: 0/0
   116 | D:1      | Reached skill level 4 in Axes
   162 | D:1      | Reached XP level 2. HP: 27/27 MP: 1/1
   560 | D:2      | Reached ** piety under Trog
   625 | D:2      | Identified the +0 ring mail of Good Intentions {Will+}
   653 | D:2      | Reached XP level 3. HP: 33/33 MP: 2/2
   746 | D:2      | Reached skill level 5 in Axes
   934 | D:2      | Found a faded altar of an unknown god.
  1087 | D:2      | Noticed Robin
  1102 | D:2      | Killed Robin
  1103 | D:2      | Reached XP level 4. HP: 28/41 MP: 3/3
  1523 | D:3      | Reached *** piety under Trog
  1526 | D:3      | Reached skill level 5 in Fighting
  1671 | D:3      | Reached skill level 6 in Axes
  1692 | D:3      | Reached XP level 5. HP: 48/48 MP: 4/4
  1792 | D:3      | Found a glowing silver altar of Zin.
  1792 | D:3      | Found an opulent altar of Gozag.
  2010 | D:3      | Noticed Terence
  2015 | D:3      | Killed Terence
  2072 | D:3      | Found a snail-covered altar of Cheibriados.
  2213 | D:4      | Noticed an ice beast
  2225 | D:4      | Killed an ice beast
  2226 | D:4      | Reached skill level 7 in Axes
  2226 | D:4      | Reached XP level 6. HP: 56/56 MP: 5/5
  2584 | D:4      | Reached skill level 8 in Axes
  2589 | D:4      | Noticed Grinder
  2589 | D:4      | Paralysed by Grinder for 3 turns
  2634 | D:4      | Killed Grinder
  2635 | D:4      | Reached XP level 7. HP: 63/64 MP: 6/6
  2969 | D:4      | Reached skill level 9 in Axes
  3127 | D:4      | Found Gaonodyp's Neck Hole.
  3368 | D:5      | Entered Level 5 of the Dungeon
  3612 | D:5      | Reached XP level 8. HP: 73/73 MP: 7/7
  3700 | D:5      | Reached **** piety under Trog
  3709 | D:5      | Reached skill level 10 in Axes
  3877 | D:5      | Found an ancient bone altar of Kikubaaqudgha.
  3944 | D:5      | Found a staircase to the Ecumenical Temple.
  4010 | D:5      | Found a hazy altar of Hepliaklqana.
  4236 | D:6      | Reached skill level 11 in Axes
  4588 | D:6      | Reached XP level 9. HP: 36/82 MP: 8/8
  4821 | D:6      | Noticed Maggie
  4842 | D:6      | Killed Maggie
  4844 | D:6      | Noticed Sigmund
  4862 | D:6      | Reached skill level 12 in Axes
  4875 | D:6      | Killed Sigmund
  5002 | D:6      | Found a runed translucent door.
  5003 | D:6      | Noticed Crazy Yiuf
  5009 | D:6      | Killed Crazy Yiuf
  5364 | D:6      | Found a burning altar of Makhleb.
  5373 | D:6      | Found Owkejuga's Armour Shop.
  5373 | D:6      | Found Ceeppaw's Antique Weapon Shoppe.
  5375 | D:6      | Found Wufyoler's Assorted Antiques.
  5377 | D:6      | Found Turhauxt's General Store.
  5377 | D:6      | Found Anokudur's Armour Shoppe.
  5396 | D:6      | Bought a scroll of teleportation for 33 gold pieces
  5427 | D:6      | Bought a fuming sapphire potion for 27 gold pieces
  5427 | D:6      | Bought a scroll labelled IPLETS NUID for 31 gold pieces
  5427 | D:6      | Bought a green potion for 27 gold pieces
  5650 | D:7      | Reached skill level 5 in Armour
  5666 | D:7      | Noticed Prince Ribbit
  5675 | D:7      | Killed Prince Ribbit
  5751 | D:7      | Reached skill level 5 in Dodging
  5757 | D:7      | Reached skill level 13 in Axes
  5832 | D:7      | Found a shadowy altar of Dithmenos.
  5834 | D:7      | Found a blossoming altar of Fedhas.
  5852 | D:7      | Reached XP level 10. HP: 93/93 MP: 9/9
  5943 | D:7      | Found Bauc's Vocational Training.
  6003 | D:7      | Noticed Dowan
  6006 | D:7      | Noticed Duvessa
  6007 | D:7      | Killed Dowan
  6014 | D:7      | Killed Duvessa
  6030 | D:7      | Found a sparkling altar of Nemelex Xobeh.
  6032 | D:7      | Found a shimmering blue altar of Sif Muna.
  6086 | D:7      | Reached skill level 10 in Fighting
  6463 | D:8      | Noticed Grum
  6475 | D:8      | Killed Grum
  6703 | D:8      | Reached skill level 14 in Axes
  7100 | D:8      | Found a stormy altar of Qazlal.
  7638 | D:9      | Found a broken altar of Ashenzari.
  8035 | D:9      | Found an iron altar of Okawaru.
  8284 | D:10     | Entered Level 10 of the Dungeon
  8299 | D:10     | Reached skill level 15 in Axes
  8303 | D:10     | Reached XP level 11. HP: 102/102 MP: 10/10
  8351 | D:10     | Noticed a two-headed ogre
  8357 | D:10     | Killed a two-headed ogre
  8402 | D:10     | Found a staircase to the Lair.
  8450 | D:10     | Reached skill level 16 in Axes
  8483 | D:10     | Noticed a two-headed ogre
  8493 | D:10     | Killed a two-headed ogre
  8781 | D:10     | Found a staircase to the Orcish Mines.
  8865 | D:10     | Found a runed translucent gate.
  8865 | D:10     | Found a runed translucent gate.
  8865 | D:10     | Found a runed translucent gate.
  8867 | D:10     | Found an opulent altar of Gozag.
  8867 | D:10     | Noticed a centaur warrior
  8867 | D:10     | Noticed a tengu warrior
  8868 | D:10     | Noticed HallandMoats's ghost (journeyman DsFi)
  8869 | D:10     | Found Acumoan's Assorted Antiques.
  9180 | D:11     | Noticed Josephine
  9226 | D:11     | Killed Josephine
  9228 | D:11     | Reached skill level 17 in Axes
  9606 | D:12     | Found a frozen archway.
  9616 | D:12     | Reached XP level 12. HP: 115/115 MP: 11/11
  9627 | IceCv    | Entered an ice cave
  9640 | IceCv    | Found a transporter.
  9659 | IceCv    | Found a transporter.
  9687 | IceCv    | Reached skill level 18 in Axes
  9941 | D:12     | Noticed a boulder beetle
  9958 | D:12     | Killed a boulder beetle
 10303 | D:12     | Reached ***** piety under Trog
 10412 | D:12     | Reached skill level 19 in Axes
 10701 | D:13     | Noticed a centaur warrior
 10828 | D:13     | Killed a centaur warrior
 10884 | D:13     | Noticed a boulder beetle
 10896 | D:13     | Killed a boulder beetle
 10902 | D:13     | Noticed a death knight
 10903 | D:13     | Noticed a centaur warrior
 10904 | D:13     | Noticed a centaur warrior
 10906 | D:13     | Killed a centaur warrior
 10908 | D:13     | Noticed an eight-headed hydra
 10909 | D:13     | Killed a death knight
 10910 | D:13     | Killed a centaur warrior
 10911 | D:13     | Reached XP level 13. HP: 125/125 MP: 12/12
 11897 | D:13     | Noticed an ironbound preserver
 11898 | D:13     | Found a gate to the Vaults.
 11902 | D:13     | Killed an ironbound preserver
 12067 | D:13     | Found Rufun's Assorted Antiques.
 12640 | D:13     | Reached skill level 15 in Fighting
 12740 | D:13     | Reached skill level 10 in Armour
 13158 | Lair:1   | Entered Level 1 of the Lair of Beasts
 13167 | Lair:1   | Noticed Sonja
 13176 | Lair:1   | Killed Sonja
 13203 | Lair:1   | Reached skill level 10 in Dodging
 13323 | Lair:1   | Reached skill level 20 in Axes
 13337 | Lair:1   | Received a gift from Trog
 13475 | Lair:1   | Noticed Gastronok
 13485 | Lair:1   | Killed Gastronok
 14029 | Lair:2   | Reached XP level 14. HP: 137/137 MP: 13/13
 14058 | Lair:2   | Noticed Nergalle
 14061 | Lair:2   | You fall into a shaft and drop 2 floors!
 14210 | Lair:3   | Reached skill level 1 in Ranged Weapons
 14371 | Lair:3   | Reached skill level 1 in Throwing
 14579 | Lair:3   | Noticed Urug
 14588 | Lair:3   | Killed Urug
 15241 | Lair:2   | Killed Nergalle
 15260 | Lair:2   | Found a staircase to the Shoals.
 15359 | Lair:2   | Found a hole to the Spider Nest.
 15598 | Lair:2   | Noticed Amaemon
 15613 | Lair:2   | Killed Amaemon
 15614 | Lair:2   | Reached skill level 5 in Ranged Weapons
 17138 | Lair:5   | Entered Level 5 of the Lair of Beasts
 17153 | Lair:5   | Found a viscous altar of Jiyva.
 17159 | Lair:5   | Found a staircase to the Slime Pits.
 17201 | Lair:5   | Reached skill level 5 in Throwing
 17341 | Lair:5   | Reached XP level 15. HP: 125/147 MP: 14/14
 17799 | Lair:5   | Received a gift from Trog
 17849 | Lair:5   | Reached skill level 10 in Ranged Weapons
 17890 | Lair:5   | Identified the +5 ring mail of Spite {rPois}
 18547 | D:6      | Bought +0 gold dragon scales for 1120 gold pieces
 18566 | D:6      | Bought a scroll of teleportation for 93 gold pieces
 18703 | Orc:1    | Entered Level 1 of the Orcish Mines
 18982 | Orc:2    | Entered Level 2 of the Orcish Mines
 18989 | Orc:2    | Reached ****** piety under Trog
 18989 | Orc:2    | Received a gift from Trog
 19049 | Orc:2    | HP: 1/149 [orc warrior/+0 battleaxe (18)]
 19049 | Orc:2    | Slain by an orc

Illustrated notes

Levels and vault maps discovered:
D:1:      eino_arrival_druids_welcome, layout_basic
D:2:      layout_loops_ring, dilly_ecumenical_altar_fadedgnrine,
          corner_web_ring, grunt_decor_one_mirror, dk_vineyard_2, uniq_robin
D:3:      layout_rooms, grunt_temple_overflow_gold_and_silver,
          cheibrodos_worm_habitat, chequers_serial_rivers_large_a,
          grunt_ministairs_5, uniq_terence
D:4:      layout_basic, nicolae_shop_sticking_my_neck_out, uniq_grinder
D:5:      layout_loops_ring, mainiacjoe_overflow_alcove_4,
          kennysheep_little_box, minmay_temple_entry_slanted
D:6:      cheibrodos_steamvent, layout_basic, bloody_makhleb,
          corexii_item_surrounded_by_moat, grunt_ministairs_2,
          nicolae_wooded_promenade, uniq_crazy_yiuf_cottage, uniq_sigmund,
          uniq_maggie
D:7:      layout_basic, nicolae_overflow_hidden_temple, nicolae_shop_vocational,
          uniq_duvessa, uniq_prince_ribbit1
D:8:      layout_loops_corners, grunt_qazlal_clouds, uniq_grum
D:9:      layout_small_grid, mainiacjoe_overflow_alcove_2,
          lemuel_coloured_pillars_altar, minmay_gold_behind_fungi
D:10:     layout_basic, hellmonk_lair_entry_icy, david_orc_3,
          ebering_ghost_gozag
D:11:     layout_cross, uniq_josephine
D:12:     layout_roguey, portal_ice_cave_demonic_guard
D:13:     layout_gridville, skrybe_vaults_entry_preservation, serial_shops,
          shop, minmay_bent
Lair:1:   layout_roguey [special_room_bee], grunt_megastairs_5,
          lemuel_fruit_tree, uniq_gastronok, uniq_sonja
Lair:2:   layout_roguey, nicolae_shoals_entry_roost,
          spider_nest_entry_web_field, st_stairs_7, serial_bayou_shore_b,
          grunt_megastairs_1, serial_bayou_shore_b, uniq_nergalle, uniq_amaemon
Lair:3:   layout_cave_pods, nicolae_lair_lil_pond, wad_woods_river_01, uniq_urug
Lair:4:   layout_hall_layers, serial_bayou_lagoon_b
Lair:5:   hangedman_lair_caniforms_friends, layout_gridlike,
          nicolae_slime_entry_slimehenge, minivault_26,
          infiniplex_staircase_pool_2
Orc:1:    layout_diamond_mine
Orc:2:    st_orc_pillars, layout_caves, okawaru_metal_pillars_1_2

Skill      XL: |  1  2  3  4  5  6  7  8  9 10 11 12 13 14 15 |
---------------+----------------------------------------------+-----
Axes           | 4 5 6 7 8 9 11 13 15 17 19 20 | 20.0
Fighting       | 4 5 6 7 8 9 11 13 14 16 17 18 | 18.1
Armour         | 3 5 6 7 10 | 10.0
Dodging        | 3 5 6 7 10 | 10.0
Ranged Weapons | 8 10 | 10.7
Throwing       | 5 6 |  6.8

Action                     |  1- 3 |  4- 6 |  7- 9 | 10-12 | 13-15 || total
---------------------------+-------+-------+-------+-------+-------++-------
  Melee: Hand axe          |    77 |   123 |   166 |       |       ||   366
         Headbutt          |     9 |    18 |    55 |    79 |   147 ||   308
         Punch             |       |     1 |       |       |       ||     1
         Halberd           |       |       |   132 |       |       ||   132
         Battleaxe         |       |       |     5 |   386 |   600 ||   991
         Dire flail        |       |       |       |       |     6 ||     6
   Fire: Arbalest          |       |       |       |       |    61 ||    61
  Throw: Dart              |       |       |       |       |     1 ||     1
 Invoke: Berserk           |       |     4 |     6 |     5 |     4 ||    19
         Trog's Hand       |       |     3 |     7 |    11 |    26 ||    47
    Use: Scroll            |       |       |       |    11 |    17 ||    28
   Stab: Sleeping          |     1 |       |       |       |       ||     1
 Armour: Animal skin       |     8 |       |       |       |       ||     8
         Ring mail         |    14 |    37 |     5 |       |     6 ||    62
         Chain mail        |       |       |   157 |    86 |       ||   243
         Acid dragon scale |       |       |       |    31 |    38 ||    69
         Ice dragon scales |       |       |       |    16 |       ||    16
         Swamp dragon scal |       |       |       |       |   155 ||   155
         Gold dragon scale |       |       |       |       |    47 ||    47
  Dodge: Dodged            |    45 |    37 |   104 |   270 |   471 ||   927

Table legend: (Time is in decaauts)
 A = Elapsed time spent in this place.
 B = Non-inter-level travel time spent in this place.
 C = Inter-level travel time spent in this place.
 D = Time resting spent in this place.
 E = Time spent auto-exploring this place.
 F = Levels seen in this place.
 G = Mean time per level.
                   A        B        C        D        E       F      G
               +--------+--------+--------+--------+--------+-----+--------+
         Total |  19117 |  17741 |   1376 |   2824 |  10562 |  21 |  910.3 |
       Dungeon |  13409 |  12384 |   1025 |   2410 |   7128 |  13 | 1031.5 |
          Lair |   5170 |   4820 |    350 |    274 |   3295 |   5 | 1034.0 |
  Orcish Mines |    292 |    292 |      0 |      0 |    138 |   2 |  146.0 |
      Ice Cave |    244 |    244 |      0 |    140 |      0 |   1 |  244.0 |
               +--------+--------+--------+--------+--------+-----+--------+

Top non-repeatable levels by time:
    D:12: 2004 daAuts
     D:6: 1538 daAuts
     D:8: 1244 daAuts
  Lair:3: 1211 daAuts
  Lair:4: 1155 daAuts
     D:4: 1138 daAuts
  Lair:5: 1135 daAuts
    D:13: 1133 daAuts
    D:10: 958 daAuts
     D:7: 947 daAuts
     D:3: 945 daAuts
     D:9: 916 daAuts
  Lair:1: 889 daAuts
     D:5: 881 daAuts
     D:2: 852 daAuts
